Map: Abyssal Reef LE

Players

Scarlett - Winner!

  • Race: Zerg Zerg
  • Spawn Location: 5:00

Elazer

  • Race: Zerg Zerg
  • Spawn Location: 11:00

Event: WCS Jonkoping 2017

VOD

Have the link to the VOD?

Description

Time

  • Played on: June 18, 2017, 7:53 a.m.
  • Length: 5:16

All games in this series

Show
View Real Time Build Order
Export as new Build Order

Scarlett Zerg - Winner!

Build Orders: Hatch First 

Get SALT Encoding   

  12  0:01  Drone  
  13  0:12  Overlord  
  13  0:17  Drone  
  14  0:30  Drone x2  
  14  0:35  Drone  
  17  0:51  Hatchery  
  17  0:55  Drone  
  17  0:57  Drone  
  18  1:05  Extractor  
  17  1:12  Spawning Pool  
  17  1:16  Drone  
  17  1:19  Drone  
  18  1:28  Drone  
  19  1:39  Overlord  
  19  1:50  Drone  
  20  1:59  Queen  
  20  2:00  Zergling x2  
  23  2:03  Queen, Zergling x2  
  23  2:05  Metabolic Boost  
  26  2:22  Spine Crawler  
  25  2:23  Zergling x6  
  25  2:26  Zergling x2  
  28  2:49  Zergling x8  
  32  3:15  Zergling x6  
  32  3:16  Zergling x2  
  33  3:25  Drone  
  33  3:26  Drone x2  
  27  3:34  Queen  
  27  3:37  Drone  
  30  3:45  Drone x3  
  32  3:58  Zergling x8  
  34  4:09  Drone  
  33  4:18  Overlord  
  33  4:21  Zergling x6  
  35  4:24  Overlord  
  35  4:32  Baneling Nest  
  35  4:36  Queen  
  35  4:42  Zergling x4  
  34  4:46  Zergling x6  
  34  4:47  Zergling x2  
  34  4:51  Zergling x2  
Show
View Real Time Build Order
Export as new Build Order

Elazer Zerg 

Build Orders: Pool First 

Get SALT Encoding   

  12  0:00  Drone  
  13  0:14  Extractor  
  12  0:23  Spawning Pool  
  12  0:27  Drone  
  12  0:33  Drone  
  13  0:38  Drone  
  14  0:49  Overlord  
  14  1:09  Queen  
  14  1:10  Zergling x2  
  17  1:17  Metabolic Boost  
  17  1:21  Zergling x2  
  17  1:25  Zergling x2  
  19  1:29  Zergling x2  
  20  1:33  Zergling x2  
  21  1:44  Overlord  
  21  2:03  Hatchery  
  21  2:07  Zergling x2  
  21  2:11  Zergling x2  
  22  2:16  Zergling x2  
  22  2:19  Zergling x2  
  24  2:24  Zergling x2  
  24  2:28  Zergling x2  
  26  2:39  Zergling x2  
  26  2:49  Zergling x6  
  29  2:54  Zergling x2  
  30  3:06  Overlord  
  30  3:14  Queen  
  30  3:15  Drone  
  30  3:16  Drone  
  32  3:21  Drone  
  32  3:22  Drone  
  30  3:29  Drone  
  30  3:30  Drone  
  25  3:36  Zergling x2  
  25  3:38  Zergling x2  
  27  3:41  Zergling x2  
  27  3:47  Zergling x2  
  29  3:55  Zergling x2  
  29  3:56  Queen  
  29  3:59  Zergling x2  
  27  4:04  Zergling x2  
  26  4:13  Zergling x4  
  26  4:14  Zergling x2  
  21  4:21  Zergling x2  
  21  4:22  Zergling x2  
  21  4:27  Zergling x2  
  21  4:30  Zergling x2  
  23  4:37  Zergling x4  
  23  4:43  Zergling x2  
  19  4:47  Zergling x2  
  19  4:49  Zergling x2  
  20  4:54  Zergling x2  
Tags
 
Add a new tag
Caveats
  • Supply blocks, unpowered buildings, or Contaminate may cause inaccurate times.
  • Supply counts are checked every 10 seconds.